 Dungeon Crawl Stone Soup version 0.32-a0-18-g89e19f1974 (webtiles) character file.

Game seed: 5578831815533815540

8975 cforsyth the Fighter (level 11, 0/119 (120) HPs)
             Began as an Oni Shapeshifter on Jan 17, 2024.
             Was a Priest of Qazlal.
             Slain by a yak (7 damage)
             ... on level 8 of the Dungeon.
             The game lasted 00:17:29 (13151 turns).

cforsyth the Fighter (Oni Shapeshifter)            Turns: 13151, Time: 00:17:30

HP:   0/119 (120)   AC:  3    Str: 24    XL:     11   Next: 39%
MP:   11/11         EV: 11    Int: 11    God:    Qazlal [***...]
Gold: 551           SH:  4    Dex:  8    Spells: 10/10 levels left

rFire   . .          .
                       - Unarmed
rCold   + . .        (no shield)
rNeg    . . .        a - +0 animal skin
rPois   .            (helmet currently unavailable)
rElec   .            (cloak currently unavailable)
rCorr   .            (gloves unavailable)
SInv    .            (boots unavailable)
Will    +....        (no amulet)
Stlth   +            t - ring of protection from cold
HPRegen 0.39/turn    k - +4 ring of slaying
MPRegen 0.12/turn

%: no passive effects
@: lethally poisoned (0 -> -19), beast-form, lightly drained
A: beast (slay +4), large, unfitting armour, horns 1, tough skin 1, double
potion healing, drunken brawling
a: Begin Untransformation, Renounce Religion, Upheaval, Elemental Force


You were on level 8 of the Dungeon.
You worshipped Qazlal.
Qazlal was most pleased with you.
You were a hulking beast.
You visited 3 branches of the dungeon, and saw 12 of its levels.
You also visited: Sewer.

You collected 551 gold pieces.

Inventory:

Missiles
 e - 3 throwing nets (quivered)
Armour
 a - a +0 animal skin (worn)
Jewellery
 b - a ring of willpower
 k - a +4 ring of slaying (right hand)
 p - a ring of positive energy
 t - a ring of protection from cold (left hand)
 y - a ring of positive energy
Talismans
 c - a beast talisman
 d - a flux talisman
Wands
 q - a wand of flame (23)
 u - a wand of iceblast (6)
 A - a wand of charming (6)
Scrolls
 m - a scroll of teleportation {unknown}
 r - 2 scrolls of brand weapon {unknown}
 s - 3 scrolls of fear
 v - 2 scrolls of immolation {unknown}
 w - 2 scrolls of revelation {unknown}
 x - a scroll of amnesia {unknown}
 z - a scroll of summoning {unknown}
 B - 4 scrolls of vulnerability
Potions
 f - a potion of curing
 g - a potion of enlightenment {unknown}
 h - 3 potions of invisibility
 i - a potion of heal wounds {unknown}
 j - 3 potions of degeneration {unknown}
 l - 2 potions of resistance
 n - 2 potions of magic
 o - a potion of cancellation
 C - a potion of lignification
 D - a potion of haste {unknown}


   Skills:
 + Level 11.4 Fighting
 + Level 8.2 Dodging
 + Level 8.6 Unarmed Combat
 + Level 8.6 Shapeshifting


You had 10 spell levels left.
You didn't know any spells.
Your spell library contained the following spells:

 Spells                   Type           Power      Damage    Failure   Level
 Magic Dart               Conj           0%         1d3       34%         1
 Slow                     Hex            0%         N/A       34%         1
 Summon Small Mammal      Summ           0%         N/A       34%         1
 Blink                    Tloc           0%         N/A       47%         2
 Call Imp                 Summ           0%         N/A       47%         2
 Mercury Vapours          Alch/Air       0%         N/A       47%         2
 Call Canine Familiar     Summ           0%         N/A       71%         3
 Confusing Touch          Hex            0%         N/A       71%         3
 Hailstorm                Conj/Ice       0%         3d5       71%         3
 Mephitic Cloud           Conj/Alch/Air  0%         N/A       71%         3
 Sigil of Binding         Hex            0%         N/A       71%         3
 Summon Ice Beast         Ice/Summ       0%         N/A       71%         3
 Vampiric Draining        Necr           0%         2d6       71%         3
 Olgreb's Toxic Radiance  Alch           0%         N/A       98%         4
 Summon Blazeheart Golem  Fire/Summ      0%         N/A       98%         4
 Freezing Cloud           Conj/Ice/Air   0%         6-21      100%        5
 Sculpt Simulacrum        Ice/Alch       0%         N/A       100%        6
 Ozocubu's Refrigeration  Ice            0%         4d7       100%        7
 Discord                  Hex            0%         N/A       100%        8


Dungeon Overview and Level Annotations

Branches:
Dungeon (10/15)            Temple (1/1) D:4            Lair (1/5) D:8
  Sewer (visited)
    Orc: D:9-12

Altars:
Ashenzari
Cheibriados
Dithmenos
Elyvilon
Fedhas
Gozag
Hepliaklqana
Kikubaaqudgha
Makhleb
Nemelex Xobeh
Okawaru
Qazlal
Ru
Sif Muna
Trog
Uskayaw
Vehumet
Wu Jian
Xom
Yredelemnul
Zin
The Shining One

Shops:
D:1 =[:*

Annotations:
D:2 1 runed translucent door, Crazy Yiuf
D:6 Jeremiah
D:10 Lodul


Innate Abilities, Weirdness & Mutations

You are a hulking beast.
Your limbs bulge with bestial killing power. (Slay +4)
You are too large for most types of armour.
You have a pair of small horns on your head.
You have tough skin. (AC +1)
You gain doubled healing and magic from potions.
Whenever you drink a healing potion, you attack all around you.


Message History

The cane toad is lightly wounded.
You savour every drop.
You feel better. The yak gores you but does no damage. The yak gores you!
* * * LOW HITPOINT WARNING * * *
The cane toad stings you!
* * * LOW HITPOINT WARNING * * *
You take a swig of the potion and flex your muscles.
You pummel the yak!! You headbutt the yak!
The yak is almost dead.
You hit the yak.
The yak is moderately wounded.
You punch the cane toad!
The cane toad is moderately wounded.
You savour every drop.
You feel better. The cane toad stings you.
* * * LOW HITPOINT WARNING * * *
The yak gores you.
* * * LOW HITPOINT WARNING * * *
The yak closely misses you.
You punch the yak!
You kill the yak!
Qazlal accepts your kill. The cane toad stings you.
* * * LOW HITPOINT WARNING * * *
The yak closely misses you.
You barely miss the cane toad.
The cane toad is moderately wounded.
The cane toad stings you!!
* * * LOW HITPOINT WARNING * * *
The yak gores you.
* * * LOW HITPOINT WARNING * * *
You take a swig of the potion and flex your muscles.
You punch the yak!
The yak is heavily wounded.
You pummel the cane toad!! Your headbutt misses the cane toad.
The cane toad is severely wounded.
You savour every drop.
You feel better. The cane toad stings you!
* * * LOW HITPOINT WARNING * * *
You are lethally poisoned!
The cane toad poisons you! The yak gores you!
You die...

..<## ##............P..#
...†###..##............#
..(......##............##
................P.......#
......#......P..........##
...÷[.........P........P.####
####....[....P..............##
##....P...................##
#.........PFh.............#
#..........○.Y............#
#####...#.....P...............#
........#..P..................#
........##..P..P..............#
........##...P...............##
.......>###...P...............#
.......###..P...P....P........#
..............P...............#


You could see a yak and a cane toad.

Vanquished Creatures
  Sonja (D:10)
  3 meliai
  2 komodo dragons (D:8)
  A wraith (D:10)
  14 yaks
  A shadow (D:9)
  Grum (D:10)
  2 steam dragons (D:9)
  2 acid dragons
  2 water moccasins (D:8)
  2 ice beasts
  2 orc warriors (D:9)
  3 black bears
  4 ogres
  4 wolves
  4 centaurs
  A phantom (D:5)
  3 kobold brigands
  8 bullfrogs
  2 scorpions
  5 wights (D:8)
  5 killer bees (D:9)
  A howler monkey (D:9)
  A bombardier beetle (D:4)
  4 orc priests
  2 jellies (D:5)
  A hound (D:5)
  3 iguanas
  3 orc wizards
  8 adders
  6 gnolls
  A river rat (Sewer)
  3 shadow imps (D:6)
  A white imp (D:3)
  2 ufetubi (D:7)
  4 ribbon worms
  A dart slug (D:4)
  22 orcs
  4 ball pythons
  4 bats
  8 endoplasms
  6 giant cockroaches
  9 goblins
  7 hobgoblins
  3 quokkas
  A frilled lizard (D:2)
  11 kobolds
  9 rats
197 creatures vanquished.

Notes
Turn   | Place    | Note
-------+----------+-------------------------------------------
     0 | D:1      | cforsyth the Oni Shapeshifter began the quest for the Orb.
     0 | D:1      | Reached XP level 1. HP: 19/19 MP: 1/1
   103 | D:1      | Found Zogaf's Assorted Antiques.
   144 | D:1      | Found Ginogh's Book Shop.
   199 | D:1      | Reached XP level 2. HP: 28/28 MP: 2/2
   347 | D:1      | Found Uclops's Armour Shoppe.
   406 | D:1      | Reached skill level 2 in Fighting
   457 | D:1      | Found Jooclici's Jewellery Shop.
   759 | D:2      | Reached XP level 3. HP: 31/36 MP: 3/3
   986 | D:2      | Found a runed translucent door.
   987 | D:2      | Noticed Crazy Yiuf
  1396 | D:2      | Reached XP level 4. HP: 11/44 MP: 4/4
  1714 | D:3      | Found a faded altar of an unknown god.
  1784 | D:3      | Reached skill level 3 in Fighting
  2119 | D:3      | Reached XP level 5. HP: 53/53 MP: 5/5
  2767 | D:4      | Found a staircase to the Ecumenical Temple.
  2778 | Temple   | Entered the Ecumenical Temple
  2787 | Temple   | Became a worshipper of Qazlal Stormbringer
  2829 | D:4      | Reached skill level 4 in Fighting
  2829 | D:4      | Reached XP level 6. HP: 39/62 MP: 6/6
  3497 | D:4      | Identified the +3 short sword of Cytereti {chaos, rF+ rCorr
                  | Dex+3}
  3527 | D:5      | Entered Level 5 of the Dungeon
  4250 | D:5      | Noticed an ice beast
  4260 | D:5      | Killed an ice beast
  4261 | D:5      | Reached XP level 7. HP: 31/71 MP: 7/7
  4395 | D:5      | Reached skill level 5 in Fighting
  4541 | D:5      | Reached * piety under Qazlal
  4942 | D:6      | Noticed a yak
  4962 | D:5      | Killed a yak
  5051 | D:6      | Reached XP level 8. HP: 49/83 MP: 8/8
  5080 | D:6      | Reached skill level 5 in Shapeshifting
  5094 | D:6      | Reached skill level 6 in Fighting
  5160 | D:6      | Found a glowing drain.
  5164 | Sewer    | Entered a sewer
  5189 | Sewer    | Reached skill level 5 in Unarmed Combat
  5919 | D:6      | Noticed a yak
  5919 | D:6      | Noticed a yak
  5919 | D:6      | Noticed a yak
  5920 | D:6      | Noticed a yak
  5921 | D:6      | Noticed a yak
  5957 | D:5      | Killed a yak
  5958 | D:5      | Reached skill level 5 in Dodging
  6327 | D:6      | Noticed Jeremiah
  7012 | D:5      | Killed a yak
  7013 | D:5      | Reached skill level 7 in Fighting
  7019 | D:5      | Killed a yak
  7020 | D:5      | Reached XP level 9. HP: 25/93 MP: 9/9
  7760 | D:7      | Reached skill level 8 in Fighting
  7992 | D:7      | Reached ** piety under Qazlal
  8155 | D:7      | Found a radiant altar of Vehumet.
  8541 | D:8      | Found an iron altar of Okawaru.
  8964 | D:8      | Found a shadowy altar of Dithmenos.
  9031 | D:8      | Reached skill level 9 in Fighting
  9040 | D:8      | Reached XP level 10. HP: 61/107 MP: 8/10
  9428 | D:8      | You fall into a shaft and drop 1 floor!
  9559 | D:8      | Found a staircase to the Lair.
  9597 | D:8      | Reached skill level 10 in Fighting
  9937 | D:9      | HP: 5/110 [orc warrior/+0 trident (15)]
 11380 | D:10     | Entered Level 10 of the Dungeon
 11383 | D:10     | Noticed Lodul
 11420 | D:10     | Noticed a meliai
 11421 | D:10     | Noticed a meliai
 11422 | D:10     | Noticed a meliai
 11427 | D:9      | Killed a meliai
 11427 | D:9      | Reached *** piety under Qazlal
 11615 | D:9      | Killed a meliai
 11616 | D:9      | Reached XP level 11. HP: 50/119 MP: 11/11
 11862 | D:10     | Reached skill level 11 in Fighting
 12017 | D:10     | Noticed Grum
 12402 | D:10     | Killed Grum
 12488 | D:10     | Noticed Sonja
 12502 | D:10     | Noticed a tengu warrior
 12525 | D:10     | Killed Sonja
 13083 | Lair:1   | Entered Level 1 of the Lair of Beasts
 13150 | D:8      | HP: 2/119 [cane toad (24)]
 13151 | D:8      | Slain by a yak

Illustrated notes

Levels and vault maps discovered:
D:1:      dpeg_arrival_rhombus, layout_loops_cross, serial_shops, shop,
          nicolae_shop_just_a_little_nook, nicolae_shop_window_shopping,
          nicolae_shop_tiny_real_fake_doors
D:2:      layout_basic, serial_bayou_pond_e, uniq_crazy_yiuf_cottage
D:3:      layout_rooms, dreamdust_ecumenical_altar_statues,
          minmay_misc_feat_enclosed
D:4:      layout_loops_corners, minmay_temple_entry_glassed_door
D:5:      layout_loops_cross
D:6:      layout_rooms, gup_sewer_entry_bowl, skrybe_limestone_x,
          glass_columns_a, corexii_corridor_pit, uniq_jeremiah
D:7:      layout_loops_cross, amcnicky_altar_gilded, nicolae_underground_beach
D:8:      layout_rooms, mainiacjoe_overflow_catwalk,
          kennysheep_okawaru_gauntlet, due_lair_maze_entry_diamond
D:9:      layout_stronghold
D:10:     kennysheep_steamy, layout_loops_ring, orc_0_dummy, serial_shops,
          nicolae_shop_hallway_stairs, nicolae_fort_ynox, uniq_grum, uniq_lodul,
          uniq_sonja
Temple:   nicolae_temple_bog_church
Lair:1:   layout_gridlike

Skill      XL: |  1  2  3  4  5  6  7  8  9 10 11 |
---------------+----------------------------------+-----
Dodging        | 2 3 4 5 6 7 8 |  8.2
Fighting       | 2 3 4 5 7 9 10 11 | 11.4
Unarmed Combat | 3 4 5 6 8 |  8.6
Shapeshifting  | 4 5 7 8 |  8.6

Action                     |  1- 3 |  4- 6 |  7- 9 | 10-12 || total
---------------------------+-------+-------+-------+-------++-------
  Melee: Unarmed           |    74 |   159 |   277 |   145 ||   655
         Headbutt          |    11 |    32 |    53 |    33 ||   129
         Punch             |     3 |     6 |    10 |     6 ||    25
  Evoke: Wand              |       |       |     3 |     3 ||     6
    Use: Potion            |       |     1 |     3 |     7 ||    11
         Scroll            |       |       |     9 |       ||     9
   Stab: Sleeping          |       |     1 |       |       ||     1
 Armour: Animal skin       |    40 |   109 |   171 |   168 ||   488
         Skin              |       |       |    30 |       ||    30
  Dodge: Dodged            |    31 |    87 |   106 |   112 ||   336
  Block: Other             |       |       |    16 |    24 ||    40

Table legend: (Time is in decaauts)
 A = Elapsed time spent in this place.
 B = Non-inter-level travel time spent in this place.
 C = Inter-level travel time spent in this place.
 D = Time resting spent in this place.
 E = Time spent auto-exploring this place.
 F = Levels seen in this place.
 G = Mean time per level.
                   A        B        C        D        E       F      G
               +--------+--------+--------+--------+--------+-----+--------+
         Total |  13121 |  12764 |    357 |   2467 |   8112 |  13 | 1009.3 |
       Dungeon |  12413 |  12066 |    347 |   2467 |   7578 |  10 | 1241.3 |
        Temple |     18 |      9 |      9 |      0 |      0 |   1 |   18.0 |
          Lair |      4 |      4 |      0 |      0 |      0 |   1 |    4.0 |
         Sewer |    684 |    684 |      0 |      0 |    534 |   1 |  684.0 |
               +--------+--------+--------+--------+--------+-----+--------+

Top non-repeatable levels by time:
     D:9: 2762 daAuts
     D:5: 2723 daAuts
     D:8: 1189 daAuts
     D:4: 1090 daAuts
     D:2: 1045 daAuts
     D:7: 985 daAuts
     D:6: 762 daAuts
     D:3: 729 daAuts
   Sewer: 684 daAuts
     D:1: 637 daAuts
    D:10: 487 daAuts
  Temple: 18 daAuts
  Lair:1: 4 daAuts
